Kings vs Senateurs
Created - February 7, 2024 at 10:03
Goals
|
| Kings |
2 |
2 |
1 |
5 |
| Senateurs |
1 |
0 |
2 |
3 |
|
Shots
|
| Kings |
10 |
9 |
12 |
31 |
| Senateurs |
13 |
8 |
9 |
30 |
|
1st period
1. Kings , Jake Guentzel 19 (Colton Parayko 14) at 1:03
2. Senateurs , Riley Sheahan 10 (Rostislav Olesz 9, Mark Stuart 5) at 1:40
3. Kings , Jake Guentzel 20 (Mitch Marner 22, Sidney Crosby 38) at 7:59
Penalties :
Ladislav Smid (Ott) for Tripping (Minor) at 17:19
2nd period
4. Kings , Mikko Rantanen 10 (Quinn Hughes 21, Mitch Marner 23) at 14:59 (PP)
5. Kings , Matt Martin 6 (Sam Gagner 9, Marc Staal 7) at 19:29
Penalties :
Auston Matthews (L.A) for Holding (Minor) at 1:20, Mikko Rantanen (L.A) for Tripping (Minor) at 10:49, Eric Gelinas (Ott) for Holding (Minor) at 14:41, Colton Parayko (L.A) for Holding (Minor) at 15:28
3rd period
6. Senateurs , Michael Frolik 16 (Brandon Sutter 37, Jordan Martinook 15) at 3:38
7. Senateurs , Jordan Martinook 10 (Braydon Coburn 6, Erik Gudbranson 16) at 16:08
8. Kings , Jared Cowen 4 (Sidney Crosby 39, Jake Guentzel 24) at 19:11 (Empty Net)
Penalties :
Mark Stuart (Ott) for Holding (Minor) at 3:51
Goalie Stats
Igor Shesterkin (L.A), 27 saves from 30 shots - (0.900), W, 4-5-0, 60:00 minutes
Jaroslav Halak (Ott), 11 saves from 11 shots - (1.000), 20:10 minutes
Martin Jones (Ott), 15 saves from 19 shots - (0.789), L, 16-18-4, 39:29 minutes
Players Stats for Kings
Player Name G A P +/- PIM S H SB GA TA FO MP PP MP PK MP
------------------------------------------------------------------------------------
Aaron Ekblad 0 0 0 0 0 0 0 2 1 0 0/0 23:41 1:37 2:03
Adam Fox 0 0 0 1 0 0 1 1 0 0 0/0 18:46 1:37 0:48
Auston Matthews 0 0 0 0 2 1 0 0 0 1 14/21 16:02 2:10 0:00
Chris Tierney 0 0 0 0 0 1 1 1 0 0 4/5 17:19 0:14 3:08
Colton Parayko 0 1 1 0 2 1 2 1 1 1 0/0 20:46 0:04 2:28
Frans Nielsen 0 0 0 0 0 0 0 0 1 1 1/6 10:52 0:00 0:07
Jake Guentzel 2 1 3 1 0 6 1 0 0 0 0/1 17:07 1:52 0:40
Jared Cowen 1 0 1 1 0 1 0 1 1 0 0/0 19:05 0:00 3:54
Marc Staal 0 1 1 0 0 4 1 3 0 0 0/0 17:49 0:00 2:03
Matt Martin 1 0 1 0 0 1 3 0 0 0 1/1 13:32 0:00 3:11
Matthew Tkachuk 0 0 0 0 0 1 1 0 0 0 0/1 12:18 1:52 0:00
Mikko Rantanen 1 0 1 0 2 4 4 0 3 1 0/0 16:16 2:10 0:00
Mitch Marner 0 2 2 1 0 2 1 0 0 1 2/4 16:49 2:20 0:00
Quinn Hughes 0 1 1 0 0 3 0 3 0 1 0/0 17:34 2:39 0:38
Sam Bennett 0 0 0 0 0 1 0 0 0 0 3/9 13:51 1:52 1:38
Sam Gagner 0 1 1 0 0 2 1 0 1 0 0/0 12:36 0:14 1:35
Sidney Crosby 0 2 2 1 0 3 4 0 2 0 8/13 17:08 2:39 0:00
Zac Rinaldo 0 0 0 0 0 0 0 1 0 0 0/1 12:29 0:00 1:35
Players Stats for Senateurs
Player Name G A P +/- PIM S H SB GA TA FO MP PP MP PK MP
------------------------------------------------------------------------------------
Brandon Sutter 0 1 1 1 0 2 1 0 0 0 4/12 17:20 2:27 1:13
Braydon Coburn 0 1 1 2 0 1 0 2 0 1 0/0 14:20 0:00 2:17
David Backes 0 0 0 -3 0 2 1 0 1 0 0/3 20:04 3:30 0:00
Eric Gelinas 0 0 0 -3 2 0 1 3 1 2 0/0 27:47 3:44 1:41
Erik Gudbranson 0 1 1 -3 0 1 3 5 0 2 0/0 28:06 3:44 1:59
Garnet Hathaway 0 0 0 0 0 2 1 0 1 0 0/0 7:41 0:00 0:00
Jordan Martinook 1 1 2 0 0 1 1 1 0 0 0/0 19:23 2:27 2:43
Ladislav Smid 0 0 0 0 2 1 2 1 0 1 0/0 18:35 2:13 1:21
Mark Stuart 0 1 1 0 2 0 0 1 0 1 0/0 19:11 2:13 1:14
Michael Frolik 1 0 1 1 0 2 0 0 1 1 0/0 16:07 2:27 0:00
Nick Bjugstad 0 0 0 -3 0 3 4 3 1 0 18/36 22:50 3:30 2:29
Pierre-Edouard Bellemare 0 0 0 1 0 2 0 0 0 1 4/6 11:35 0:00 0:00
Riley Sheahan 1 0 1 1 0 1 1 1 0 0 0/0 12:19 0:00 0:44
Rostislav Olesz 0 1 1 1 0 5 1 1 0 0 0/1 12:58 0:00 1:23
Taylor Chorney 0 0 0 2 0 0 0 0 0 1 0/0 12:15 0:00 0:00
Tim Schaller 0 0 0 0 0 1 0 0 0 0 0/0 7:41 0:00 0:00
Tomas Nosek 0 0 0 0 0 1 0 0 1 0 3/4 7:41 0:00 0:00
Zachary Sanford 0 0 0 -2 0 5 1 0 0 0 0/0 19:48 3:30 0:00
3 Stars
1 - Jake Guentzel (L.A)
2 - Sidney Crosby (L.A)
3 - Mitch Marner (L.A)
Power Play
Kings - 1 on 3 Attempt(s) - 33.33%
Senateurs - 0 on 3 Attempt(s) - 0.00%
Penalty Kill
Kings - 3 on 3 Attempt(s) - 100.00%
- Score 0 goal in Penalty Kill
Senateurs - 2 on 3 Attempt(s) - 66.67%
- Score 0 goal in Penalty Kill
Team Stat
Kings - Hits : 20 - Faceoff Wins : 33 - Blocked Shots : 13 - Penalty Minutes : 6
Senateurs - Hits : 17 - Faceoff Wins : 29 - Blocked Shots : 18 - Penalty Minutes : 6
Official
Referees : Michael Markovic and Beaudry Halkidis
Linesman : Greg Devorski and Tyson Baker
Game Notes
Jaroslav Halak enters game at 19:29 of 2nd period
Jared Cowen has scored in a empty net!
Finance
Level 1 -- Attendance: 6000 (100.00%) -- Ticket Income $600,000
Level 2 -- Attendance: 5000 (100.00%) -- Ticket Income $300,000
Level 3 -- Attendance: 2000 (100.00%) -- Ticket Income $70,000
Level 4 -- Attendance: 3555 (88.88%) -- Ticket Income $88,875
Luxury Box -- Attendance: 1000 (100.00%) -- Ticket Income $200,000
Game was played at the Centre Canadian Tire.
Total Attendance: 17555 (97.53%)
Total Ticket Income: $1,258,875
Other Income: $188,831
Total Income: $1,447,706
Kings
5 vs 5 Forward
Center Left Wing Right Wing Time % Phy DF OF
1 Sidney Crosby Jake Guentzel Mitch Marner 30 1 1 3
2 Auston Matthews Chris Tierney Mikko Rantanen 30 1 2 2
3 Sam Bennett Matt Martin Sam Gagner 20 1 2 2
4 Frans Nielsen Zac Rinaldo Matthew Tkachuk 20 2 2 1
5 vs 5 Defense
Defense Defense Time % Phy DF OF
1 Colton Parayko Aaron Ekblad 35 1 2 2
2 Jared Cowen Adam Fox 35 1 3 1
3 Marc Staal Quinn Hughes 30 0 2 3
4 Quinn Hughes Jared Cowen 0 1 2 2
PowerPlay Forward
Center Left Wing Right Wing Time % Phy DF OF
1 Auston Matthews Mikko Rantanen Mitch Marner 60 0 0 5
2 Sam Bennett Jake Guentzel Matthew Tkachuk 40 0 0 5
PowerPlay Defense
Defense Defense Time % Phy DF OF
1 Quinn Hughes Sidney Crosby 70 0 1 4
2 Aaron Ekblad Adam Fox 30 0 1 4
Penalty Kill 4 Players Forward
Center Wing Time % Phy DF OF
1 Chris Tierney Matt Martin 60 1 2 2
2 Sam Gagner Zac Rinaldo 40 1 2 2
Penalty Kill 4 Players Defense
Defense Defense Time % Phy DF OF
1 Colton Parayko Jared Cowen 60 1 2 2
2 Marc Staal Aaron Ekblad 40 1 2 2
Penalty Kill - 3 Players Forward
Forward Time % Phy DF OF
1 Chris Tierney 60 1 2 2
2 Sidney Crosby 40 1 2 2
Penalty Kill - 3 Players Defense
Defense Defense Time % Phy DF OF
1 Colton Parayko Jared Cowen 60 1 2 2
2 Marc Staal Aaron Ekblad 40 1 2 2
4 vs 4 Forward
Center Wing Time % Phy DF OF
1 Jake Guentzel Mikko Rantanen 60 1 2 2
2 Sidney Crosby Auston Matthews 40 1 2 2
4 vs 4 Defense
Defense Defense Time % Phy DF OF
1 Aaron Ekblad Colton Parayko 60 1 2 2
2 Jared Cowen Adam Fox 40 1 2 2
Last Minutes Offensive
Center Left Wing Right Wing Defense Defense
Sidney Crosby Jake Guentzel Mitch Marner Aaron Ekblad Adam Fox
Last Minutes Defensive
Center Left Wing Right Wing Defense Defense
Sam Bennett Chris Tierney Matthew Tkachuk Marc Staal Jared Cowen
Goaltenders
Starting : Igor Shesterkin
Backup : Ondrej Pavelec
Extra Forwards
Normal : Sam Bennett, Chris Tierney, Auston Matthews - PP : Chris Tierney, Sam Gagner - PK : Sam Bennett
Extra Defensemen
Normal : Aaron Ekblad, Jared Cowen, Marc Staal - PP : Colton Parayko - PK : Adam Fox, Quinn Hughes
Penalty Shots
Matt Martin, Auston Matthews, Mikko Rantanen, Sidney Crosby, Jake Guentzel
Custom OT Lines Forwards
Sidney Crosby, Mikko Rantanen, Jake Guentzel, Auston Matthews, Mitch Marner, Chris Tierney, Sam Bennett, Sam Gagner, Matt Martin, Matthew Tkachuk
Custom OT Lines Defensemen
Colton Parayko, Jared Cowen, Aaron Ekblad, Marc Staal, Adam Fox
Scratches
Timo Meier (Healthy)
Senateurs
5 vs 5 Forward
Center Left Wing Right Wing Time % Phy DF OF
1 Nick Bjugstad Zachary Sanford David Backes 40 0 2 3
2 Brandon Sutter Jordan Martinook Michael Frolik 30 1 2 2
3 Pierre-Edouard Bellemare Rostislav Olesz Riley Sheahan 20 1 2 2
4 Tomas Nosek Tim Schaller Garnet Hathaway 10 1 2 2
5 vs 5 Defense
Defense Defense Time % Phy DF OF
1 Erik Gudbranson Eric Gelinas 40 0 2 3
2 Mark Stuart Ladislav Smid 30 1 2 2
3 Braydon Coburn Taylor Chorney 20 1 2 2
4 Erik Gudbranson Eric Gelinas 10 1 2 2
PowerPlay Forward
Center Left Wing Right Wing Time % Phy DF OF
1 Nick Bjugstad Zachary Sanford David Backes 60 1 2 2
2 Brandon Sutter Jordan Martinook Michael Frolik 40 1 2 2
PowerPlay Defense
Defense Defense Time % Phy DF OF
1 Erik Gudbranson Eric Gelinas 60 1 2 2
2 Mark Stuart Ladislav Smid 40 1 2 2
Penalty Kill 4 Players Forward
Center Wing Time % Phy DF OF
1 Nick Bjugstad Jordan Martinook 60 1 2 2
2 Brandon Sutter Rostislav Olesz 40 1 2 2
Penalty Kill 4 Players Defense
Defense Defense Time % Phy DF OF
1 Erik Gudbranson Eric Gelinas 60 1 2 2
2 Mark Stuart Ladislav Smid 40 1 2 2
Penalty Kill - 3 Players Forward
Forward Time % Phy DF OF
1 Nick Bjugstad 60 1 2 2
2 Brandon Sutter 40 1 2 2
Penalty Kill - 3 Players Defense
Defense Defense Time % Phy DF OF
1 Erik Gudbranson Eric Gelinas 60 1 2 2
2 Mark Stuart Ladislav Smid 40 1 2 2
4 vs 4 Forward
Center Wing Time % Phy DF OF
1 Nick Bjugstad Jordan Martinook 60 1 2 2
2 Brandon Sutter Rostislav Olesz 40 1 2 2
4 vs 4 Defense
Defense Defense Time % Phy DF OF
1 Erik Gudbranson Eric Gelinas 60 1 2 2
2 Mark Stuart Ladislav Smid 40 1 2 2
Last Minutes Offensive
Center Left Wing Right Wing Defense Defense
Nick Bjugstad Jordan Martinook David Backes Erik Gudbranson Eric Gelinas
Last Minutes Defensive
Center Left Wing Right Wing Defense Defense
Nick Bjugstad Jordan Martinook David Backes Erik Gudbranson Eric Gelinas
Goaltenders
Starting : Martin Jones
Backup : Jaroslav Halak
Extra Forwards
Normal : Riley Sheahan, Pierre-Edouard Bellemare, Jordan Martinook - PP : Riley Sheahan, Pierre-Edouard Bellemare - PK : Riley Sheahan
Extra Defensemen
Normal : Ladislav Smid, Braydon Coburn, Taylor Chorney - PP : Ladislav Smid - PK : Ladislav Smid, Braydon Coburn
Penalty Shots
Nick Bjugstad, Brandon Sutter, David Backes, Michael Frolik, Riley Sheahan
Custom OT Lines Forwards
Nick Bjugstad, Brandon Sutter, David Backes, Michael Frolik, Riley Sheahan, Pierre-Edouard Bellemare, Jordan Martinook, Zachary Sanford, Garnet Hathaway, Tim Schaller
Custom OT Lines Defensemen
Erik Gudbranson, Eric Gelinas, Mark Stuart, Ladislav Smid, Braydon Coburn
Scratches
Dennis Everberg (Healthy), Derick Brassard (Suspend), Dmitry Sinitsyn (Healthy), Kyle Rau (Healthy)
% Time on Ice - Kings
Lines # - Real PCT - Wanted PCT - Time Play
Normal Forward
1 - 30% - 30% - 14:46
2 - 28% - 30% - 14:01
3 - 21% - 20% - 10:21
4 - 21% - 20% - 10:39
Normal Defense
1 - 35% - 35% - 17:40
2 - 35% - 35% - 17:32
3 - 29% - 30% - 14:35
4 - 0% - 0% - 0:00
PP Forward
1 - 56% - 60% - 2:24
2 - 44% - 40% - 1:52
PP Defense
1 - 62% - 70% - 2:39
2 - 38% - 30% - 1:37
PK Forward
1 - 73% - 60% - 4:22
2 - 27% - 40% - 1:35
PK Defense
1 - 66% - 60% - 3:54
2 - 34% - 40% - 2:03
PK3 Forward
1 - 0% - 60%
2 - 0% - 40%
PK3 Defense
1 - 0% - 60%
2 - 0% - 40%
44 Forward
1 - 0% - 60%
2 - 0% - 40%
44 Defense
1 - 0% - 60%
2 - 0% - 40%
Last Minute Offensive - 0:00
Last Minute Defensive - 0:00
Total
Forward - 60:00
Defense - 60:00
|
% Time on Ice - Senateurs
Lines # - Real PCT - Wanted PCT - Time Play
Normal Forward
1 - 33% - 40% - 16:35
2 - 28% - 30% - 13:40
3 - 23% - 20% - 11:35
4 - 16% - 10% - 7:41
Normal Defense
1 - 41% - 40% - 20:06
2 - 32% - 30% - 15:41
3 - 23% - 20% - 11:27
4 - 5% - 10% - 2:17
PP Forward
1 - 59% - 60% - 3:30
2 - 41% - 40% - 2:27
PP Defense
1 - 63% - 60% - 3:44
2 - 37% - 40% - 2:13
PK Forward
1 - 77% - 60% - 3:16
2 - 23% - 40% - 1:00
PK Defense
1 - 46% - 60% - 1:59
2 - 54% - 40% - 2:17
PK3 Forward
1 - 0% - 60%
2 - 0% - 40%
PK3 Defense
1 - 0% - 60%
2 - 0% - 40%
44 Forward
1 - 0% - 60%
2 - 0% - 40%
44 Defense
1 - 0% - 60%
2 - 0% - 40%
Last Minute Offensive - 0:16
Last Minute Defensive - 0:00
Total
Forward - 60:00
Defense - 60:00
|
Play-by-Play
1st period
0:01 of 1st period - Sidney Crosby wins face-off versus Nick Bjugstad in neutral zone.
0:04 of 1st period - Snap shot by Sidney Crosby.
0:04 of 1st period - Shot Misses the Net.
0:09 of 1st period - Off-side.
0:10 of 1st period - Nick Bjugstad wins face-off versus Mitch Marner in neutral zone.
0:13 of 1st period - Snap shot by Erik Gudbranson.
0:13 of 1st period - Stopped by Igor Shesterkin with a rebound.
0:15 of 1st period - Slapshot by Zachary Sanford.
0:15 of 1st period - Stopped by Igor Shesterkin with a rebound.
0:47 of 1st period - Snap shot by Nick Bjugstad.
0:47 of 1st period - Shot Misses the Net.
1:03 of 1st period - Snap shot by Jake Guentzel.
1:03 of 1st period - Goal by Jake Guentzel - Kings : 1 - Senateurs : 0.
1:04 of 1st period - Auston Matthews wins face-off versus Brandon Sutter in neutral zone.
1:31 of 1st period - Jared Cowen is hit by Riley Sheahan and loses puck.
1:38 of 1st period - Snap shot by Rostislav Olesz.
1:38 of 1st period - Stopped by Igor Shesterkin with a rebound.
1:40 of 1st period - Snap shot by Riley Sheahan.
1:40 of 1st period - Goal by Riley Sheahan - Kings : 1 - Senateurs : 1.
1:41 of 1st period - Tomas Nosek wins face-off versus Zac Rinaldo in neutral zone.
1:43 of 1st period - Off-side.
1:44 of 1st period - Tomas Nosek wins face-off versus Frans Nielsen in neutral zone.
2:10 of 1st period - Off-side.
2:11 of 1st period - Auston Matthews wins face-off versus Brandon Sutter in neutral zone.
2:20 of 1st period - Snap shot by Michael Frolik.
2:20 of 1st period - Shot Misses the Net.
2:22 of 1st period - Wrist shot by Brandon Sutter.
2:22 of 1st period - Shot Misses the Net.
2:24 of 1st period - Slapshot by Eric Gelinas.
2:24 of 1st period - Shot Misses the Net.
2:26 of 1st period - Snap shot by Jordan Martinook.
2:26 of 1st period - Shot Misses the Net.
3:01 of 1st period - Snap shot by Nick Bjugstad.
3:01 of 1st period - Stopped by Igor Shesterkin without a rebound.
3:02 of 1st period - Nick Bjugstad wins face-off versus Frans Nielsen in Kings zone.
3:29 of 1st period - Wrist shot by Auston Matthews.
3:29 of 1st period - Shot Misses the Net.
3:31 of 1st period - Slapshot by Quinn Hughes.
3:31 of 1st period - Shot Blocked by Braydon Coburn.
3:53 of 1st period - Snap shot by Rostislav Olesz.
3:53 of 1st period - Stopped by Igor Shesterkin with a rebound.
3:55 of 1st period - Snap shot by Rostislav Olesz.
3:55 of 1st period - Stopped by Igor Shesterkin with a rebound.
5:21 of 1st period - Slapshot by Colton Parayko.
5:21 of 1st period - Deflect By Matthew Tkachuk.
5:21 of 1st period - Shot Misses the Net.
5:21 of 1st period - Puck is out of play.
5:22 of 1st period - Sidney Crosby wins face-off versus Nick Bjugstad in Senateurs zone.
7:32 of 1st period - Snap shot by Jordan Martinook.
7:32 of 1st period - Deflect By Brandon Sutter.
7:32 of 1st period - Stopped by Igor Shesterkin without a rebound.
7:33 of 1st period - Auston Matthews wins face-off versus Brandon Sutter in Kings zone.
7:45 of 1st period - Icing by Erik Gudbranson.
7:46 of 1st period - Sidney Crosby wins face-off versus Brandon Sutter in Senateurs zone.
7:57 of 1st period - Snap shot by Mitch Marner.
7:57 of 1st period - Stopped by Martin Jones with a rebound.
7:59 of 1st period - Snap shot by Jake Guentzel.
7:59 of 1st period - Goal by Jake Guentzel - Kings : 2 - Senateurs : 1.
8:00 of 1st period - Nick Bjugstad wins face-off versus Auston Matthews in neutral zone.
8:03 of 1st period - Wrist shot by Zachary Sanford.
8:03 of 1st period - Stopped by Igor Shesterkin without a rebound.
8:04 of 1st period - Nick Bjugstad wins face-off versus Auston Matthews in Kings zone.
8:15 of 1st period - Snap shot by Zachary Sanford.
8:15 of 1st period - Stopped by Igor Shesterkin with a rebound.
8:21 of 1st period - Snap shot by David Backes.
8:21 of 1st period - Deflect By Quinn Hughes.
8:21 of 1st period - Stopped by Igor Shesterkin with a rebound.
10:35 of 1st period - Mark Stuart is hit by Sidney Crosby and loses puck.
10:46 of 1st period - Snap shot by Zachary Sanford.
10:46 of 1st period - Stopped by Igor Shesterkin without a rebound.
10:47 of 1st period - Nick Bjugstad wins face-off versus Sam Bennett in Kings zone.
11:03 of 1st period - Icing by Erik Gudbranson.
11:04 of 1st period - Auston Matthews wins face-off versus David Backes in Senateurs zone.
11:17 of 1st period - Snap shot by Chris Tierney.
11:17 of 1st period - Shot Blocked by Erik Gudbranson.
11:19 of 1st period - Wrist shot by Mikko Rantanen.
11:19 of 1st period - Stopped by Martin Jones without a rebound.
11:20 of 1st period - Sidney Crosby wins face-off versus Brandon Sutter in Senateurs zone.
11:51 of 1st period - David Backes is hit by Colton Parayko and loses puck.
12:43 of 1st period - Snap shot by Sam Bennett.
12:43 of 1st period - Stopped by Martin Jones without a rebound.
12:44 of 1st period - Nick Bjugstad wins face-off versus Sidney Crosby in Senateurs zone.
13:20 of 1st period - Snap shot by Chris Tierney.
13:20 of 1st period - Shot Blocked by Jordan Martinook.
13:22 of 1st period - Wrist shot by Marc Staal.
13:22 of 1st period - Stopped by Martin Jones without a rebound.
13:23 of 1st period - Sidney Crosby wins face-off versus Pierre-Edouard Bellemare in Senateurs zone.
13:50 of 1st period - Ladislav Smid is hit by Mikko Rantanen.
14:36 of 1st period - Snap shot by Taylor Chorney.
14:36 of 1st period - Shot Blocked by Quinn Hughes.
15:01 of 1st period - Snap shot by Pierre-Edouard Bellemare.
15:01 of 1st period - Stopped by Igor Shesterkin without a rebound.
15:02 of 1st period - Auston Matthews wins face-off versus Nick Bjugstad in Kings zone.
15:06 of 1st period - Off-side.
15:07 of 1st period - Auston Matthews wins face-off versus Nick Bjugstad in neutral zone.
15:40 of 1st period - Snap shot by Sam Gagner.
15:40 of 1st period - Shot Misses the Net.
15:43 of 1st period - Icing by Erik Gudbranson.
15:44 of 1st period - Brandon Sutter wins face-off versus Sidney Crosby in Senateurs zone.
16:03 of 1st period - Jordan Martinook is hit by Adam Fox and loses puck.
16:18 of 1st period - Chris Tierney is hit by Jordan Martinook and loses puck.
16:37 of 1st period - Slapshot by Eric Gelinas.
16:37 of 1st period - Shot Misses the Net.
16:43 of 1st period - Slapshot by Quinn Hughes.
16:43 of 1st period - Shot Misses the Net.
16:45 of 1st period - Slapshot by Quinn Hughes.
16:45 of 1st period - Stopped by Martin Jones without a rebound.
16:46 of 1st period - Matt Martin wins face-off versus Nick Bjugstad in Senateurs zone.
17:19 of 1st period - Minor Penalty to Ladislav Smid for Tripping.
17:20 of 1st period - Nick Bjugstad wins face-off versus Auston Matthews in Senateurs zone.
17:56 of 1st period - Wrist shot by Mitch Marner.
17:56 of 1st period - Stopped by Martin Jones without a rebound.
17:57 of 1st period - Sam Bennett wins face-off versus Nick Bjugstad in Senateurs zone.
18:04 of 1st period - Wrist shot by Jake Guentzel.
18:04 of 1st period - Stopped by Martin Jones without a rebound.
18:05 of 1st period - Nick Bjugstad wins face-off versus Sam Bennett in Senateurs zone.
18:05 of 1st period - Nick Bjugstad is hit by Matthew Tkachuk.
18:19 of 1st period - Slapshot by Aaron Ekblad.
18:19 of 1st period - Shot Blocked by Eric Gelinas.
18:39 of 1st period - Snap shot by Matthew Tkachuk.
18:39 of 1st period - Shot Blocked by Erik Gudbranson.
18:41 of 1st period - Wrist shot by Jake Guentzel.
18:41 of 1st period - Stopped by Martin Jones without a rebound.
18:42 of 1st period - Mitch Marner wins face-off versus Nick Bjugstad in Senateurs zone.
19:19 of 1st period - Penalty to Ladislav Smid is over, Ladislav Smid is back on ice.
19:28 of 1st period - Jordan Martinook is hit by Matt Martin and loses puck.
19:42 of 1st period - Icing by Adam Fox.
19:43 of 1st period - Pierre-Edouard Bellemare wins face-off versus Frans Nielsen in Kings zone.
Goals for this period are 2 for Kings vs 1 for Senateurs.
Shots for this period are 10 for Kings vs 13 for Senateurs.
2nd period
0:01 of 2nd period - Auston Matthews wins face-off versus Nick Bjugstad in neutral zone.
0:06 of 2nd period - Eric Gelinas is hit by Mikko Rantanen and loses puck.
0:33 of 2nd period - Snap shot by Mitch Marner.
0:33 of 2nd period - Shot Misses the Net.
0:41 of 2nd period - Snap shot by Jordan Martinook.
0:41 of 2nd period - Shot Misses the Net.
0:55 of 2nd period - Snap shot by Tim Schaller.
0:55 of 2nd period - Stopped by Igor Shesterkin without a rebound.
0:56 of 2nd period - Tomas Nosek wins face-off versus Sam Bennett in Kings zone.
1:10 of 2nd period - Slapshot by Ladislav Smid.
1:10 of 2nd period - Stopped by Igor Shesterkin with a rebound.
1:12 of 2nd period - Slapshot by Ladislav Smid.
1:12 of 2nd period - Shot Misses the Net.
1:14 of 2nd period - Slapshot by Ladislav Smid.
1:14 of 2nd period - Shot Blocked by Marc Staal.
1:16 of 2nd period - Snap shot by Ladislav Smid.
1:16 of 2nd period - Deflect By Tim Schaller.
1:16 of 2nd period - Shot Misses the Net.
1:16 of 2nd period - Puck is out of play.
1:17 of 2nd period - Auston Matthews wins face-off versus Nick Bjugstad in Kings zone.
1:17 of 2nd period - Auston Matthews is hit by Nick Bjugstad.
1:20 of 2nd period - Minor Penalty to Auston Matthews for Holding.
1:21 of 2nd period - Chris Tierney wins face-off versus Nick Bjugstad in Kings zone.
1:25 of 2nd period - Slapshot by Chris Tierney.
1:25 of 2nd period - Stopped by Martin Jones with a rebound.
1:35 of 2nd period - Wrist shot by Chris Tierney.
1:35 of 2nd period - Shot Misses the Net.
2:32 of 2nd period - Icing by Mark Stuart.
2:33 of 2nd period - Nick Bjugstad wins face-off versus Chris Tierney in Senateurs zone.
3:18 of 2nd period - Snap shot by Sam Gagner.
3:18 of 2nd period - Stopped by Martin Jones with a rebound.
3:20 of 2nd period - Penalty to Auston Matthews is over, Auston Matthews is back on ice.
3:42 of 2nd period - Wrist shot by Sidney Crosby.
3:42 of 2nd period - Stopped by Martin Jones without a rebound.
3:43 of 2nd period - Nick Bjugstad wins face-off versus Frans Nielsen in Senateurs zone.
4:09 of 2nd period - Riley Sheahan is hit by Mikko Rantanen and loses puck.
4:38 of 2nd period - Wrist shot by Sidney Crosby.
4:38 of 2nd period - Stopped by Martin Jones with a rebound.
4:58 of 2nd period - Snap shot by Tim Schaller.
4:58 of 2nd period - Shot Blocked by Colton Parayko.
5:00 of 2nd period - Wrist shot by Tim Schaller.
5:00 of 2nd period - Deflect By Tomas Nosek.
5:00 of 2nd period - Stopped by Igor Shesterkin with a rebound.
5:04 of 2nd period - Wrist shot by Garnet Hathaway.
5:04 of 2nd period - Shot Misses the Net.
5:18 of 2nd period - Snap shot by Zac Rinaldo.
5:18 of 2nd period - Shot Misses the Net.
5:20 of 2nd period - Snap shot by Matthew Tkachuk.
5:20 of 2nd period - Shot Blocked by Erik Gudbranson.
5:22 of 2nd period - Snap shot by Zac Rinaldo.
5:22 of 2nd period - Shot Blocked by Erik Gudbranson.
5:34 of 2nd period - Chris Tierney is hit by Erik Gudbranson and loses puck.
5:55 of 2nd period - Mark Stuart is hit by Sidney Crosby and loses puck.
6:16 of 2nd period - Mark Stuart is hit by Matt Martin and loses puck.
6:42 of 2nd period - Frans Nielsen is hit by Eric Gelinas and loses puck.
7:15 of 2nd period - Jordan Martinook is hit by Sidney Crosby and loses puck.
7:43 of 2nd period - Matt Martin is hit by Nick Bjugstad and loses puck.
8:04 of 2nd period - Snap shot by Garnet Hathaway.
8:04 of 2nd period - Stopped by Igor Shesterkin with a rebound.
8:44 of 2nd period - Snap shot by Jake Guentzel.
8:44 of 2nd period - Shot Misses the Net.
9:04 of 2nd period - Slapshot by David Backes.
9:04 of 2nd period - Stopped by Igor Shesterkin without a rebound.
9:05 of 2nd period - Auston Matthews wins face-off versus David Backes in Kings zone.
9:53 of 2nd period - Slapshot by Pierre-Edouard Bellemare.
9:53 of 2nd period - Shot Misses the Net.
10:23 of 2nd period - Wrist shot by Braydon Coburn.
10:23 of 2nd period - Stopped by Igor Shesterkin without a rebound.
10:24 of 2nd period - Auston Matthews wins face-off versus Nick Bjugstad in Kings zone.
10:49 of 2nd period - Minor Penalty to Mikko Rantanen for Tripping.
10:50 of 2nd period - Chris Tierney wins face-off versus Nick Bjugstad in Kings zone.
11:16 of 2nd period - Wrist shot by Brandon Sutter.
11:16 of 2nd period - Shot Blocked by Chris Tierney.
12:49 of 2nd period - Penalty to Mikko Rantanen is over, Mikko Rantanen is back on ice.
13:41 of 2nd period - Wrist shot by Michael Frolik.
13:41 of 2nd period - Stopped by Igor Shesterkin without a rebound.
13:42 of 2nd period - Brandon Sutter wins face-off versus Mitch Marner in Kings zone.
14:03 of 2nd period - Snap shot by Jordan Martinook.
14:03 of 2nd period - Shot Blocked by Adam Fox.
14:17 of 2nd period - Wrist shot by Brandon Sutter.
14:17 of 2nd period - Stopped by Igor Shesterkin without a rebound.
14:18 of 2nd period - Nick Bjugstad wins face-off versus Auston Matthews in Kings zone.
14:41 of 2nd period - Minor Penalty to Eric Gelinas for Holding.
14:42 of 2nd period - Auston Matthews wins face-off versus Nick Bjugstad in Senateurs zone.
14:57 of 2nd period - Slapshot by Quinn Hughes.
14:57 of 2nd period - Stopped by Martin Jones with a rebound.
14:59 of 2nd period - Wrist shot by Mikko Rantanen.
14:59 of 2nd period - Goal by Mikko Rantanen - Kings : 3 - Senateurs : 1.
15:00 of 2nd period - Sidney Crosby wins face-off versus Nick Bjugstad in neutral zone.
15:03 of 2nd period - Snap shot by Quinn Hughes.
15:03 of 2nd period - Deflect By Jake Guentzel.
15:03 of 2nd period - Shot Misses the Net.
15:03 of 2nd period - Puck is out of play.
15:04 of 2nd period - Nick Bjugstad wins face-off versus Sidney Crosby in Senateurs zone.
15:04 of 2nd period - Nick Bjugstad is hit by Sidney Crosby.
15:09 of 2nd period - Off-side.
15:10 of 2nd period - Nick Bjugstad wins face-off versus Sidney Crosby in neutral zone.
15:17 of 2nd period - Snap shot by Marc Staal.
15:17 of 2nd period - Deflect By Erik Gudbranson.
15:17 of 2nd period - Stopped by Martin Jones without a rebound.
15:18 of 2nd period - Nick Bjugstad wins face-off versus Auston Matthews in Senateurs zone.
15:28 of 2nd period - Minor Penalty to Colton Parayko for Holding.
15:29 of 2nd period - Chris Tierney wins face-off versus Nick Bjugstad in Kings zone.
16:09 of 2nd period - Wrist shot by Michael Frolik.
16:09 of 2nd period - Shot Blocked by Jared Cowen.
17:03 of 2nd period - Quinn Hughes is hit by Nick Bjugstad and loses puck.
17:14 of 2nd period - Sam Bennett is hit by Zachary Sanford and loses puck.
17:28 of 2nd period - Penalty to Colton Parayko is over, Colton Parayko is back on ice.
17:29 of 2nd period - Slapshot by Colton Parayko.
17:29 of 2nd period - Shot Blocked by Eric Gelinas.
17:31 of 2nd period - Snap shot by Colton Parayko.
17:31 of 2nd period - Shot Misses the Net.
17:33 of 2nd period - Slapshot by Marc Staal.
17:33 of 2nd period - Stopped by Martin Jones without a rebound.
17:34 of 2nd period - Pierre-Edouard Bellemare wins face-off versus Jake Guentzel in Senateurs zone.
17:44 of 2nd period - Mark Stuart is hit by Jake Guentzel and loses puck.
18:44 of 2nd period - Snap shot by Sam Gagner.
18:44 of 2nd period - Shot Blocked by Ladislav Smid.
18:46 of 2nd period - Slapshot by Sam Gagner.
18:46 of 2nd period - Shot Misses the Net.
18:48 of 2nd period - Snap shot by Sam Gagner.
18:48 of 2nd period - Deflect By Matt Martin.
18:48 of 2nd period - Shot Blocked by Mark Stuart.
18:48 of 2nd period - Puck is out of play.
18:49 of 2nd period - Nick Bjugstad wins face-off versus Sidney Crosby in Senateurs zone.
19:04 of 2nd period - Snap shot by Quinn Hughes.
19:04 of 2nd period - Shot Blocked by Eric Gelinas.
19:16 of 2nd period - Nick Bjugstad is hit by Sam Gagner and loses puck.
19:29 of 2nd period - Snap shot by Matt Martin.
19:29 of 2nd period - Goal by Matt Martin - Kings : 4 - Senateurs : 1.
19:29 of 2nd period - Jaroslav Halak enters game.
19:30 of 2nd period - Chris Tierney wins face-off versus Brandon Sutter in neutral zone.
19:32 of 2nd period - Off-side.
19:33 of 2nd period - Brandon Sutter wins face-off versus Auston Matthews in neutral zone.
Goals for this period are 2 for Kings vs 0 for Senateurs.
Shots for this period are 9 for Kings vs 8 for Senateurs.
3rd period
0:01 of 3rd period - Nick Bjugstad wins face-off versus Auston Matthews in neutral zone.
0:10 of 3rd period - Slapshot by Zachary Sanford.
0:10 of 3rd period - Shot Blocked by Aaron Ekblad.
0:26 of 3rd period - Jake Guentzel is hit by Brandon Sutter and loses puck.
1:32 of 3rd period - Snap shot by Mikko Rantanen.
1:32 of 3rd period - Stopped by Jaroslav Halak with a rebound.
1:34 of 3rd period - Wrist shot by Marc Staal.
1:34 of 3rd period - Stopped by Jaroslav Halak without a rebound.
1:35 of 3rd period - Auston Matthews wins face-off versus Nick Bjugstad in Senateurs zone.
2:00 of 3rd period - David Backes is hit by Chris Tierney and loses puck.
2:07 of 3rd period - Snap shot by Mikko Rantanen.
2:07 of 3rd period - Shot Blocked by Nick Bjugstad.
2:11 of 3rd period - Slapshot by Aaron Ekblad.
2:11 of 3rd period - Shot Blocked by Nick Bjugstad.
2:13 of 3rd period - Slapshot by Auston Matthews.
2:13 of 3rd period - Shot Blocked by Erik Gudbranson.
2:29 of 3rd period - Wrist shot by Mikko Rantanen.
2:29 of 3rd period - Stopped by Jaroslav Halak with a rebound.
3:20 of 3rd period - Snap shot by Mikko Rantanen.
3:20 of 3rd period - Shot Blocked by Nick Bjugstad.
3:22 of 3rd period - Snap shot by Auston Matthews.
3:22 of 3rd period - Stopped by Jaroslav Halak without a rebound.
3:23 of 3rd period - Sidney Crosby wins face-off versus Brandon Sutter in Senateurs zone.
3:38 of 3rd period - Wrist shot by Michael Frolik.
3:38 of 3rd period - Goal by Michael Frolik - Kings : 4 - Senateurs : 2.
3:39 of 3rd period - Sidney Crosby wins face-off versus Brandon Sutter in neutral zone.
3:51 of 3rd period - Minor Penalty to Mark Stuart for Holding.
3:52 of 3rd period - Nick Bjugstad wins face-off versus Sam Bennett in Senateurs zone.
5:51 of 3rd period - Penalty to Mark Stuart is over, Mark Stuart is back on ice.
6:26 of 3rd period - Marc Staal is hit by Rostislav Olesz and loses puck.
7:12 of 3rd period - Slapshot by Nick Bjugstad.
7:12 of 3rd period - Shot Misses the Net.
8:14 of 3rd period - Colton Parayko is hit by Nick Bjugstad and loses puck.
9:02 of 3rd period - Colton Parayko is hit by Erik Gudbranson and loses puck.
9:06 of 3rd period - Icing by Colton Parayko.
9:07 of 3rd period - Mitch Marner wins face-off versus Rostislav Olesz in Kings zone.
9:14 of 3rd period - Rostislav Olesz is hit by Colton Parayko and loses puck.
9:43 of 3rd period - Snap shot by Rostislav Olesz.
9:43 of 3rd period - Stopped by Igor Shesterkin with a rebound.
9:49 of 3rd period - Taylor Chorney is hit by Mitch Marner and loses puck.
10:06 of 3rd period - Wrist shot by Jake Guentzel.
10:06 of 3rd period - Stopped by Jaroslav Halak with a rebound.
10:08 of 3rd period - Snap shot by Jake Guentzel.
10:08 of 3rd period - Shot Misses the Net.
10:10 of 3rd period - Snap shot by Jake Guentzel.
10:10 of 3rd period - Stopped by Jaroslav Halak with a rebound.
10:30 of 3rd period - Snap shot by Sidney Crosby.
10:30 of 3rd period - Shot Misses the Net.
10:32 of 3rd period - Slapshot by Adam Fox.
10:32 of 3rd period - Shot Blocked by Braydon Coburn.
10:36 of 3rd period - Slapshot by Quinn Hughes.
10:36 of 3rd period - Shot Misses the Net.
10:38 of 3rd period - Slapshot by Jake Guentzel.
10:38 of 3rd period - Shot Hit the Post.
10:40 of 3rd period - Slapshot by Sidney Crosby.
10:40 of 3rd period - Stopped by Jaroslav Halak with a rebound.
10:42 of 3rd period - Slapshot by Quinn Hughes.
10:42 of 3rd period - Shot Blocked by Riley Sheahan.
10:44 of 3rd period - Slapshot by Jake Guentzel.
10:44 of 3rd period - Shot Blocked by Rostislav Olesz.
10:46 of 3rd period - Slapshot by Colton Parayko.
10:46 of 3rd period - Shot Misses the Net.
10:48 of 3rd period - Wrist shot by Colton Parayko.
10:48 of 3rd period - Stopped by Jaroslav Halak without a rebound.
10:49 of 3rd period - Auston Matthews wins face-off versus Nick Bjugstad in Senateurs zone.
11:02 of 3rd period - Wrist shot by Nick Bjugstad.
11:02 of 3rd period - Shot Misses the Net.
11:30 of 3rd period - Jordan Martinook is hit by Matt Martin and loses puck.
11:41 of 3rd period - Slapshot by Erik Gudbranson.
11:41 of 3rd period - Shot Misses the Net.
11:44 of 3rd period - Icing by Jared Cowen.
11:45 of 3rd period - Frans Nielsen wins face-off versus Tomas Nosek in Kings zone.
12:09 of 3rd period - Snap shot by Garnet Hathaway.
12:09 of 3rd period - Stopped by Igor Shesterkin with a rebound.
12:19 of 3rd period - Adam Fox is hit by Garnet Hathaway and loses puck.
12:23 of 3rd period - Icing by Jared Cowen.
12:24 of 3rd period - Nick Bjugstad wins face-off versus Matthew Tkachuk in Kings zone.
12:25 of 3rd period - Wrist shot by David Backes.
12:25 of 3rd period - Shot Blocked by Marc Staal.
12:35 of 3rd period - Snap shot by Zachary Sanford.
12:35 of 3rd period - Stopped by Igor Shesterkin without a rebound.
12:36 of 3rd period - Auston Matthews wins face-off versus Nick Bjugstad in Kings zone.
12:36 of 3rd period - Auston Matthews is hit by Erik Gudbranson.
12:46 of 3rd period - Erik Gudbranson is hit by Mikko Rantanen and loses puck.
13:53 of 3rd period - Wrist shot by Frans Nielsen.
13:53 of 3rd period - Deflect By Matthew Tkachuk.
13:53 of 3rd period - Stopped by Jaroslav Halak with a rebound.
14:39 of 3rd period - Wrist shot by Sam Gagner.
14:39 of 3rd period - Stopped by Jaroslav Halak without a rebound.
14:40 of 3rd period - Brandon Sutter wins face-off versus Sam Bennett in Senateurs zone.
14:51 of 3rd period - Slapshot by Brandon Sutter.
14:51 of 3rd period - Shot Blocked by Quinn Hughes.
15:11 of 3rd period - Backhand shot by Eric Gelinas.
15:11 of 3rd period - Shot Blocked by Marc Staal.
15:13 of 3rd period - Wrist shot by Nick Bjugstad.
15:13 of 3rd period - Stopped by Igor Shesterkin without a rebound.
15:14 of 3rd period - Sam Bennett wins face-off versus David Backes in Kings zone.
15:39 of 3rd period - Matthew Tkachuk is hit by Ladislav Smid and loses puck.
16:04 of 3rd period - Slapshot by Jordan Martinook.
16:04 of 3rd period - Shot Blocked by Aaron Ekblad.
16:06 of 3rd period - Slapshot by Braydon Coburn.
16:06 of 3rd period - Shot Misses the Net.
16:08 of 3rd period - Wrist shot by Jordan Martinook.
16:08 of 3rd period - Goal by Jordan Martinook - Kings : 4 - Senateurs : 3.
16:09 of 3rd period - Pierre-Edouard Bellemare wins face-off versus Sam Bennett in neutral zone.
16:20 of 3rd period - Wrist shot by Rostislav Olesz.
16:20 of 3rd period - Stopped by Igor Shesterkin with a rebound.
16:44 of 3rd period - Snap shot by Nick Bjugstad.
16:44 of 3rd period - Stopped by Igor Shesterkin with a rebound.
16:46 of 3rd period - Wrist shot by Nick Bjugstad.
16:46 of 3rd period - Shot Blocked by Zac Rinaldo.
16:48 of 3rd period - Wrist shot by Nick Bjugstad.
16:48 of 3rd period - Shot Misses the Net.
17:22 of 3rd period - Mark Stuart is hit by Marc Staal and loses puck.
17:43 of 3rd period - Wrist shot by Rostislav Olesz.
17:43 of 3rd period - Shot Blocked by Quinn Hughes.
17:51 of 3rd period - Slapshot by Quinn Hughes.
17:51 of 3rd period - Stopped by Jaroslav Halak without a rebound.
17:52 of 3rd period - Pierre-Edouard Bellemare wins face-off versus Frans Nielsen in Senateurs zone.
18:44 of 3rd period - Jake Guentzel is hit by Ladislav Smid.
18:50 of 3rd period - Senateurs, Jaroslav Halak is pulled from the net.
19:02 of 3rd period - Jake Guentzel is hit by David Backes and loses puck.
19:11 of 3rd period - Snap shot by Jared Cowen.
19:11 of 3rd period - Goal by Jared Cowen - Kings : 5 - Senateurs : 3.
19:11 of 3rd period - Jaroslav Halak from Senateurs was sent back in the game.
19:12 of 3rd period - Sam Bennett wins face-off versus Pierre-Edouard Bellemare in neutral zone.
19:27 of 3rd period - Snap shot by Rostislav Olesz.
19:27 of 3rd period - Shot Hit the Post.
19:29 of 3rd period - Wrist shot by Pierre-Edouard Bellemare.
19:29 of 3rd period - Stopped by Igor Shesterkin with a rebound.
Goals for this period are 1 for Kings vs 2 for Senateurs.
Shots for this period are 12 for Kings vs 9 for Senateurs.